 Dungeon Crawl Stone Soup version 0.21-b1-23-g1fb0a74 (webtiles) character file.

32 tidbits the Grave Robber (level 3, 0/25 HPs)
             Began as a Gnoll Necromancer on Jan 5, 2018.
             Slain by Terence
             ... wielding a +0 trident
              (3 damage)
             ... on level 2 of the Dungeon.
             The game lasted 00:03:29 (301 turns).

tidbits the Grave Robber (Gnoll Necromancer)         Turns: 301, Time: 00:03:29

Health: 0/25       AC:  5    Str: 10    XL:     3   Next: 27%
Magic:  0/9        EV: 14    Int: 18    God:
Gold:   27         SH:  0    Dex: 15    Spells: 4/12 levels left

rFire    . . .     SeeInvis .   d - +0 dagger
rCold    . . .     Gourm    .   (no shield)
rNeg     . . .     Faith    .   B - +0 troll leather armour
rPois    +         Spirit   .   (no helmet)
rElec    .         Reflect  .   C - +0 cloak
rCorr    .         Harm     .   (no gloves)
MR       .....                  (no boots)
Stlth    ++........             (no amulet)
HPRegen  0.48/turn              f - ring of poison resistance
MPRegen  0.11/turn              (no ring)

@: about to teleport
A: distributed training, fangs 1, strong nose
a: no special abilities


You were on level 2 of the Dungeon.
You were not hungry.

You visited 1 branch of the dungeon, and saw 2 of its levels.

You collected 27 gold pieces.

Inventory:

Hand Weapons
 d - a +0 dagger (weapon)
Missiles
 g - 15 bolts
Armour
 a - a +0 robe
 B - a +0 troll leather armour (worn)
 C - a +0 cloak (worn)
Jewellery
 f - a ring of poison resistance (left hand)
   (You found it on level 2 of the Dungeon)
Books
 b - a book of Necromancy

   Spells                             Type                      Level
   a - Pain                           Necromancy                   1
   b - Animate Skeleton               Necromancy                   1
   c - Vampiric Draining              Necromancy                   3
   d - Regeneration                   Charms/Necromancy            3
   e - Animate Dead                   Necromancy                   4
   f - Borgnjor's Vile Clutch         Necromancy/Earth             5
Comestibles
 c - a ration


   Skills:
 + Level 0.6 Fighting
 + Level 0.6 Short Blades
 + Level 0.6 Long Blades
 + Level 0.6 Axes
 + Level 0.6 Maces & Flails
 + Level 0.6 Polearms
 + Level 0.6 Staves
 + Level 0.6 Slings
 + Level 0.6 Bows
 + Level 0.6 Crossbows
 + Level 0.6 Throwing
 + Level 0.6 Armour
 + Level 4.5 Dodging
 + Level 4.1 Stealth
 + Level 0.6 Shields
 + Level 0.6 Unarmed Combat
 + Level 5.0 Spellcasting
 + Level 0.4 Conjurations
 + Level 0.4 Hexes
 + Level 0.4 Charms
 + Level 0.4 Summonings
 + Level 7.1 Necromancy
 + Level 0.4 Translocations
 + Level 0.4 Transmutations
 + Level 0.4 Fire Magic
 + Level 0.4 Ice Magic
 + Level 0.4 Air Magic
 + Level 0.4 Earth Magic
 + Level 0.4 Poison Magic
 + Level 0.8 Invocations
 + Level 0.6 Evocations


You had 4 spell levels left.
You knew the following spells:

 Your Spells              Type           Power        Failure   Level  Hunger
a - Pain                  Necr           ####         1%          1    None
d - Vampiric Draining     Necr           ####......   3%          3    ##.....
n - Animate Skeleton      Necr           N/A          1%          1    None
r - Regeneration          Chrm/Necr      ###.......   12%         3    ##.....


Dungeon Overview and Level Annotations

Branches:
Dungeon (2/15)

Altars:

Annotations:
D:2 Terence


Innate Abilities, Weirdness & Mutations

Your experience applies equally to all skills.
You have very sharp teeth.
Your uncanny sense of smell can sniff out nearby items.


Message History

You kill the goblin!
The goblin shouts!
The goblin closely misses you.
You hit the goblin.
The goblin is heavily wounded.
The goblin barely misses you.
You hit the goblin but do no damage.
The goblin is heavily wounded.
The goblin misses you.
Casting: Pain
Confirm with . or Enter, or press ? or * to list all spells.
Aiming: Pain
Press: ? - help, Shift-Dir - straight line, f - goblin
Aim: a goblin, wielding a dagger (heavily wounded, chance to defeat MR: 93%)
The goblin writhes in agony!
You kill the goblin!
You see here a dagger.
A rat comes into view.
A bat comes into view.
The bat closely misses you.
Casting: Pain
Confirm with . or Enter, or press ? or * to list all spells.
Aiming: Pain
Press: ? - help, Shift-Dir - straight line, f - bat
Aim: a bat (chance to defeat MR: 93%)
The bat writhes in agony!
You kill the bat!
There is a stone staircase leading down here.
You climb downwards.
Level annotation: Terence The bat barely misses you.
The bat closely misses you. x2
Terence hits you but does no damage.
There is a stone staircase leading up here.
Casting: Pain
Confirm with . or Enter, or press ? or * to list all spells.
Aiming: Pain
Press: ? - help, Shift-Dir - straight line, f - Terence
Aim: Terence, wielding a trident and wearing a scale mail (chance to defeat MR: 89%) Terence barely resists.
The bat hits you but does no damage. Terence hits you with a trident!
Casting: Pain
Confirm with . or Enter, or press ? or * to list all spells.
Aiming: Pain
Press: ? - help, Shift-Dir - straight line, f/p - Terence
Aim: Terence, wielding a trident and wearing a scale mail (chance to defeat MR: 89%) Terence writhes in agony!
The bat hits you. Terence barely misses you.
Casting: Pain
Confirm with . or Enter, or press ? or * to list all spells.
Aiming: Pain
Press: ? - help, Shift-Dir - straight line, f/p - Terence
Aim: Terence, wielding a trident and wearing a scale mail (moderately wounded, chance to defeat MR: 89%) Terence writhes in agony!
The bat barely misses you. x2
Terence barely misses you.
Casting: Pain
Confirm with . or Enter, or press ? or * to list all spells.
Aiming: Pain
Press: ? - help, Shift-Dir - straight line, f/p - Terence
Aim: Terence, wielding a trident and wearing a scale mail (heavily wounded, chance to defeat MR: 89%) Terence writhes in agony!
The bat hits you. Terence misses you.
It was a potion of cancellation.
You feel magically purged. The bat hits you but does no damage.
Terence looks scornfully at you.
Terence drinks a potion.
Terence is healed!
You hit Terence. You bite Terence, but do no damage.
Terence is heavily wounded.
The bat barely misses you. Terence hits you but does no damage.
Casting: Pain
Confirm with . or Enter, or press ? or * to list all spells.
Aiming: Pain
Press: ? - help, Shift-Dir - straight line, f/p - Terence
Aim: Terence, wielding a trident and wearing a scale mail (heavily wounded, chance to defeat MR: 89%) Terence writhes in agony!
The bat misses you. Terence barely misses you.
You hit Terence but do no damage.
Terence is almost dead.
The bat closely misses you. The bat misses you.
You hit Terence but do no damage. You bite Terence, but do no damage.
Terence is almost dead.
The bat barely misses you. Terence hits you with a trident.
* * * LOW HITPOINT WARNING * * *
The bat misses you.
You hit Terence but do no damage.
Terence is almost dead.
The bat closely misses you. Terence hits you with a trident.
* * * LOW HITPOINT WARNING * * *
You hit Terence but do no damage.
Terence is almost dead.
The bat hits you but does no damage. Terence hits you with a trident.
* * * LOW HITPOINT WARNING * * *
The bat hits you but does no damage.
You aren't carrying any potions.
As you read the scroll labeled QUOMOCYCZA, it crumbles to dust.
You feel strangely unstable.
It was a scroll of teleportation.
The bat barely misses you. x2; Terence closely misses you.
As you read the scroll labeled OGEKHYU VAIF, it crumbles to dust.
You feel blessed for a moment.
It was a scroll of remove curse.
The bat hits you but does no damage. Terence hits you but does no damage.
You hit Terence but do no damage.
Terence is almost dead.
The bat closely misses you. Terence hits you with a trident.
You die...

#..........# .
#..........#.#
###..........#.#
....##..###...###
####..#...##.###..
###............#
#...###.........
#######.###
##..######
#...@@b.#
#.....(.#
#.#######
#.......#
#..#....#
....#....#
#...####### ...##
...# ∆ ∆ ###


You could see Terence and a bat.

Vanquished Creatures
  An adder (D:2)
  A dart slug (D:1)
  A giant cockroach (D:2)
  5 goblins (D:1)
  3 hobgoblins (D:1)
  4 jackals (D:1)
  2 bats (D:1)
  2 rats (D:1)
19 creatures vanquished.

Notes
Turn   | Place    | Note
-------+----------+-------------------------------------------
     0 | D:1      | tidbits the Gnoll Necromancer began the quest for the Orb.
     0 | D:1      | Reached XP level 1. HP: 13/13 MP: 6/6
    72 | D:2      | Reached XP level 2. HP: 5/20 MP: 0/7
   105 | D:2      | Noticed Terence
   189 | D:1      | Reached XP level 3. HP: 25/25 MP: 0/9
   192 | D:1      | Learned a level 1 spell: Animate Skeleton
   196 | D:1      | Learned a level 3 spell: Regeneration
   200 | D:1      | Learned a level 3 spell: Vampiric Draining
   228 | D:1      | Reached skill level 5 in Spellcasting
   298 | D:2      | HP: 2/25 [Terence/trident (5)]
   301 | D:2      | Slain by Terence

Skill      XL: |  1  2  3 |
---------------+----------+-----
Spellcasting   | 5 |  5.0
Fighting       | |  0.6
Short Blades   | |  0.6
Long Blades    | |  0.6
Axes           | |  0.6
Maces & Flails | |  0.6
Polearms       | |  0.6
Staves         | |  0.6
Slings         | |  0.6
Bows           | |  0.6
Crossbows      | |  0.6
Throwing       | |  0.6
Armour         | |  0.6
Dodging        | |  4.5
Stealth        | |  4.1
Shields        | |  0.6
Unarmed Combat | |  0.6
Conjurations   | |  0.4
Hexes          | |  0.4
Charms         | |  0.4
Summonings     | |  0.4
Necromancy     | |  7.1
Translocations | |  0.4
Transmutations | |  0.4
Fire Magic     | |  0.4
Ice Magic      | |  0.4
Air Magic      | |  0.4
Earth Magic    | |  0.4
Poison Magic   | |  0.4
Invocations    | |  0.8
Evocations     | |  0.6

Action                   || total
-------------------------++-------
Melee: Dagger            ||    12
       Bite              ||     2
 Cast: Pain              ||    34
  Use: Scroll            ||     2
       Potion            ||     1
 Stab: Sleeping          ||     1
Armor: Robe              ||     1
       Troll leather arm ||    10
Dodge: Dodged            ||    35

Table legend:
 A = Turns spent in this place as a percentage of turns spent in the entire game.
 B = Non-inter-level travel turns spent in this place as a percentage of non-inter-level travel turns spent in the entire game.
 C = Inter-level travel turns spent in this place as a percentage of turns spent in this place.
 D = Turns resting spent in this place as a percentage of non-inter-level travel turns spent in this place.
 E = Turns spent auto-exploring this place as a percentage of non-inter-level travel turns spent in this place.
 F = Non-inter-level travel turns spent in this place divided by the number of levels of this place that you've seen.
                   A       B       C       D       E      F
               +-------+-------+-------+-------+-------+----------------------
         Total | 100.0 | 100.0 |   0.0 |   0.0 |   0.0 | 150.5
       Dungeon | 100.0 | 100.0 |   0.0 |   0.0 |   0.0 | 150.5
               +-------+-------+-------+-------+-------+----------------------

Table legend:
 A = Kills in this place as a percentage of kills in entire the game.
 B = Kills by you in this place as a percentage of kills by you in the entire game.
 C = Kills by friends in this place as a percentage of kills by friends in the entire game.
 D = Other kills in this place as a percentage of other kills in the entire game.
 E = Experience gained in this place as a percentage of experience gained in the entire game.
 F = Experience gained in this place divided by the number of levels of this place that you have seen.
                   A       B       C       D       E      F
               +-------+-------+-------+-------+-------+----------------------
         Total | 100.0 | 100.0 |   N/A |   N/A | 100.0 |  23.5
       Dungeon | 100.0 | 100.0 |   N/A |   N/A | 100.0 |  23.5
               +-------+-------+-------+-------+-------+----------------------

Vault maps used:
D:1:      lightli_molten_gateway
D:2:      uniq_terence
